 Dungeon Crawl Stone Soup version 0.32-a0-433-g08bcfe7efd (webtiles) character file.

Game seed: 9272368253267270309

6008 jasper the Carver (level 10, -16/77 HPs)
             Began as a Coglin Warper on Feb 22, 2024.
             Was a Follower of Ashenzari.
             Hit by a large rock thrown by a cyclops (37 damage)
             ... on level 11 of the Dungeon.
             The game lasted 00:17:18 (10535 turns).

jasper the Carver (Coglin Warper)                  Turns: 10535, Time: 00:17:19

Health: -16/77     AC: 18    Str: 12    XL:     10   Next: 85%
Magic:  10/12      EV: 11    Int: 16    God:    Ashenzari [*.....]
Gold:   125        SH:  0    Dex: 14    Spells: 1/12 levels left

rFire   . . .        I - +0 long sword of Ashenzari's Sun {Nozipho, Range, Melee} (curse)
rCold   . . .        e - +1 long sword "Share My Doubts" {Paramjit, Melee, Fort} (curse)
rNeg    . . .        v - +3 ring mail
rPois   .            w - +0 helmet
rElec   .            r - +0 cloak
rCorr   .            y - +0 pair of gloves
SInv    +            G - +0 pair of boots
Will    .....        (no amulet)
Stlth   +            j - +4 ring of protection
HPRegen 0.32/turn    x - ring of see invisible
MPRegen 0.13/turn

%: no passive effects
@: revving
A: off-hand wielding, slow wielding, warmup strikes, legs shutdown
a: Renounce Religion, Shatter the Chains


You were on level 11 of the Dungeon.
You worshipped Ashenzari.
Ashenzari was aware of your devotion.
You visited 2 branches of the dungeon, and saw 12 of its levels.

You collected 409 gold pieces.
You spent 284 gold pieces at shops.

Inventory:

Hand Weapons
 a - a +0 falchion {Dagmar}
 e - the cursed +1 long sword "Share My Doubts" (offhand) {Paramjit, Melee, Fort}
   (You found it on level 3 of the Dungeon)

   It has a curse which improves the following skills: Melee Combat: Short
   Blades, Long Blades, Axes, Maces & Flails, Polearms, Staves and Unarmed
   Combat.
   Fortitude: Armour and Shields.
 h - a +0 dagger {Somchai}
 i - a +0 dagger
 I - the cursed +0 long sword of Ashenzari's Sun (weapon) {Nozipho, Range, Melee}
   (You took it off an orc warrior on level 8 of the Dungeon)

   It has a curse which improves the following skills: Ranged Combat: Ranged
   Weapons and Throwing.
   Melee Combat: Short Blades, Long Blades, Axes, Maces & Flails, Polearms,
   Staves and Unarmed Combat.
Missiles
 d - 7 darts of dispersal
 g - 9 poisoned darts
 k - 79 stones (quivered)
 n - 2 boomerangs
Armour
 b - a +1 leather armour
 r - a +0 cloak (worn)
 s - a +0 ring mail
 v - a +3 ring mail (worn)
 w - a +0 helmet (worn)
 y - a +0 pair of gloves (worn)
 C - the +0 ring mail of Benevolence {Rampage Regen+ Str+5}
   (You found it on level 5 of the Dungeon)

   Str+5:     It affects your strength (+5).
   Regen+:    It increases your rate of health regeneration.
   Rampage:   It bestows one free step when moving towards enemies.
 G - a +0 pair of boots (worn)
Jewellery
 c - a ring of ice
 j - a +4 ring of protection (left grasper)
 x - a ring of see invisible (right grasper)
 A - the ring "Qapp" {rN+ Int+6}
   (You found it on level 5 of the Dungeon)

   [ring of positive energy]

   Int+6:     It affects your intelligence (+6).
   rN+:       It protects you from negative energy.
 H - a ring of magical power
Wands
 z - a wand of roots (8)
 B - a wand of flame (19)
Scrolls
 m - a scroll of teleportation
 E - a scroll of vulnerability
Potions
 f - a potion of heal wounds
 l - a potion of berserk rage
 o - 4 potions of mutation
 p - a potion of brilliance
 q - a potion of enlightenment
 t - a potion of magic
 u - 2 potions of ambrosia
 D - 2 potions of curing
 F - a potion of cancellation


   Skills:
 - Level 6.6 Fighting
 - Level 12.1(13.2) Long Blades
 - Level 0.8(1.2) Throwing
 - Level 5.8(6.6) Armour
 - Level 1.7 Dodging
 - Level 1.7 Spellcasting
 + Level 6.2 Translocations
 + Level 0.5 Air Magic


You had one spell level left.
You knew the following spells:

 Your Spells              Type           Power      Damage    Failure   Level
a - Blink                 Tloc           42%        N/A       4%          2
b - Lesser Beckoning      Tloc           42%        N/A       4%          2
c - Teleport Other        Tloc           21%        N/A       10%         3
d - Vhi's Electric Charg  Tloc/Air       24%        N/A       71%         4

Your spell library contained the following spells:

 Spells                   Type           Power      Damage    Failure   Level
 Shock                    Conj/Air       8%         1d3       36%         1
 Manifold Assault         Tloc           21%        N/A       32%         4
 Static Discharge         Conj/Air       4%         3-4/arc   52%         2
 Swiftness                Air            3%         N/A       71%         3
 Dimensional Bullseye     Hex/Tloc       5%         N/A       77%         4
 Call Canine Familiar     Summ           1%         N/A       78%         3
 Inner Flame              Hex/Fire       1%         N/A       78%         3
 Sigil of Binding         Hex            1%         N/A       78%         3
 Airstrike                Air            1%         2d(1-17)  98%         4
 Summon Lightning Spire   Summ/Air       2%         N/A       98%         4
 Flame Wave               Conj/Fire      1%         2d4       99%         4
 Sticky Flame             Fire/Alch      1%         2d4       99%         4


Dungeon Overview and Level Annotations

Branches:
Dungeon (11/15)            Temple (1/1) D:6
   Lair: D:8-11         Orc: D:9-12

Altars:
Ashenzari
Cheibriados
Dithmenos
Elyvilon
Fedhas
Gozag
Hepliaklqana
Kikubaaqudgha
Makhleb
Nemelex Xobeh
Okawaru
Qazlal
Ru
Sif Muna
Trog
Uskayaw
Vehumet
Wu Jian
Xom
Yredelemnul
Zin
The Shining One

Shops:
D:4 [   D:10 ***

Annotations:
D:9 Erolcha
D:10 3 runed translucent doors


Innate Abilities, Weirdness & Mutations

You can wield a second weapon in your off-hand.
It takes a long time for you to wield or remove held weapons.
Your first few attacks do less damage.
Attacking and casting redirects power from your legs.


Message History

The acid dragon closely misses you.
The acid dragon claws you but does no damage.
The centaur wields a +0 shortbow.
The centaur shoots an arrow.
The arrow barely misses you.
You hit the acid dragon with the cursed +0 long sword of Ashenzari's Sun.
The acid dragon is moderately wounded.
You hit the acid dragon with the cursed +1 long sword "Share My Doubts".
The acid dragon bites you! The acid dragon barely misses you.
You take 8 damage, and have 52/77 hp.
You slash the acid dragon with the cursed +0 long sword of Ashenzari's Sun!
The acid dragon is severely wounded.
You completely miss the acid dragon with the cursed +1 long sword "Share My Doubts".
The cyclops throws a large rock.
The large rock misses you. The acid dragon misses you.
The acid dragon claws you but does no damage.
You hit the acid dragon with the cursed +1 long sword "Share My Doubts".
The acid dragon is almost dead.
You closely miss the acid dragon with the cursed +0 long sword of Ashenzari's Sun.
The centaur shoots an arrow.
The arrow hits you but does no damage.
You hit the acid dragon with the cursed +1 long sword "Share My Doubts".
The acid dragon is almost dead.
You hit the acid dragon with the cursed +0 long sword of Ashenzari's Sun.
You kill the acid dragon!
The centaur shoots an arrow.
The arrow barely misses you.
Casting: Lesser Beckoning (safe; 4% risk of failure)
Confirm with . or Enter, or press ? or * to list all spells.
Aiming: Lesser Beckoning (safe; 4% risk of failure)
Press: ? - help, Shift-Dir - straight line, f - centaur
Aim: a centaur, wielding a +0 shortbow (100% to hit)
The centaur hurls suddenly forward!
The teleport trap disappears.
The centaur disappears!
You now have 10/12 mp.
You are no longer unable to travel.
The cyclops throws a large rock.
The large rock hits you!!
* * * LOW HITPOINT WARNING * * *
You take 33 damage, and have 20/77 hp.
MASSIVE DAMAGE!!
Things that are here:
a +0 giant club; a +0 giant club The cyclops throws a large rock.
The large rock hits you!!!
You die...

#.##### ..##.#
#..#.# #....#
####....# ####
..###.......####....
..................#
....C..@).......##
..#######O.......#
#ยง........##
#O....###...##
......>..###...##
.....#....# ###..##
......##...# ##..#
...... ##... ##...#
.##..# ##..# #...


You could see a two-headed ogre and a cyclops.

Vanquished Creatures
  A two-headed ogre (D:11)
  2 trolls (D:10)
  A hornet (D:8)
  A vampire (D:11)
  Eustachio (D:6)
  9 yaks
  2 steam dragons
  An acid dragon (D:11)
  A water moccasin (D:8)
  3 orc warriors
  2 sky beasts
  An ogre (D:5)
  A bullfrog (D:8)
  8 scorpions
  5 wights (D:8)
  4 killer bees
  3 howler monkeys
  A crimson imp (D:5)
  4 hounds
  3 jellies
  3 bombardier beetles (D:6)
  5 orc priests
  Crazy Yiuf (D:3)
  A sleepcap (D:4)
  3 iguanas
  5 orc wizards
  12 gnolls
  6 adders
  A shadow imp (D:7)
  2 white imps
  3 dart slugs
  A ribbon worm (D:3)
  30 orcs
  14 bats
  13 endoplasms
  5 giant cockroaches
  9 goblins
  12 hobgoblins
  12 jackals
  7 quokkas
  8 ball pythons
  6 frilled lizards
  9 kobolds
  5 rats
227 creatures vanquished.

Vanquished Creatures (others)
  A hound (D:3)
  An adder (D:3)
  A dart slug (D:3)
  An orc (D:3)
  An endoplasm (D:3)
  A giant cockroach (D:3)
  A kobold (D:3)
  A rat (D:3)
8 creatures vanquished.

Grand Total: 235 creatures vanquished

Notes
Turn   | Place    | Note
-------+----------+-------------------------------------------
     0 | D:1      | jasper the Coglin Warper began the quest for the Orb.
     0 | D:1      | Reached XP level 1. HP: 16/16 MP: 3/3
   153 | D:1      | Reached XP level 2. HP: 14/22 MP: 4/4
   177 | D:1      | Reached skill level 3 in Long Blades
   248 | D:1      | Learned a level 2 spell: Blink
   251 | D:1      | Learned a level 2 spell: Lesser Beckoning
   374 | D:1      | Reached XP level 3. HP: 27/27 MP: 5/5
  1111 | D:2      | Reached skill level 4 in Long Blades
  1324 | D:2      | Reached XP level 4. HP: 33/33 MP: 6/6
  1590 | D:2      | You fall into a shaft and drop 1 floor!
  2284 | D:3      | Found a runed translucent door.
  2285 | D:3      | Noticed Crazy Yiuf
  2291 | D:3      | Killed Crazy Yiuf
  2292 | D:3      | Reached skill level 5 in Long Blades
  2292 | D:3      | Reached XP level 5. HP: 38/38 MP: 7/7
  2328 | D:3      | Found a shimmering altar of Xom.
  2715 | D:3      | Found a sacrificial altar of Ru.
  2844 | D:4      | Reached skill level 6 in Long Blades
  2894 | D:4      | Reached XP level 6. HP: 44/44 MP: 8/8
  3409 | D:4      | Reached skill level 7 in Long Blades
  3522 | D:4      | Found Kaitun's Armour Boutique.
  3526 | D:4      | Bought a +0 pair of gloves for 45 gold pieces
  3881 | D:5      | Entered Level 5 of the Dungeon
  3943 | D:5      | Identified the ring "Qapp" {rN+ Int+6}
  3951 | D:5      | Reached XP level 7. HP: 50/50 MP: 9/9
  3970 | D:5      | Identified the +0 ring mail of Benevolence {Rampage Regen+
                  | Str+5}
  4312 | D:5      | Reached skill level 8 in Long Blades
  4316 | D:5      | Learned a level 3 spell: Teleport Other
  4381 | D:5      | Reached XP level 8. HP: 7/56 MP: 10/10
  4578 | D:5      | Reached skill level 5 in Translocations
  4897 | D:6      | Found a staircase to the Ecumenical Temple.
  4911 | Temple   | Entered the Ecumenical Temple
  5295 | D:6      | Reached skill level 1 in Armour
  5681 | D:6      | Noticed Eustachio
  5691 | D:6      | Killed Eustachio
  6313 | D:7      | Reached skill level 9 in Long Blades
  6399 | D:7      | Found a broken altar of Ashenzari.
  6425 | D:7      | Became a worshipper of Ashenzari the Shackled
  6473 | D:7      | Reached XP level 9. HP: 32/64 MP: 11/11
  6741 | D:7      | Learned a level 4 spell: Vhi's Electric Charge
  6928 | D:7      | Found an opulent altar of Gozag.
  6928 | D:7      | Found a snail-covered altar of Cheibriados.
  7549 | D:8      | Noticed a hornet
  7687 | D:8      | Found a hide-covered altar of Uskayaw.
  7694 | D:8      | Killed a hornet
  7695 | D:8      | Reached skill level 10 in Long Blades
  8091 | D:8      | Reached skill level 5 in Fighting
  8352 | D:9      | Reached XP level 10. HP: 18/74 MP: 12/12
  8358 | D:9      | Reached skill level 11 in Long Blades
  8784 | D:9      | Noticed Erolcha
  8860 | D:10     | Entered Level 10 of the Dungeon
  8860 | D:10     | Found Iwalux's Assorted Antiques.
  8870 | D:9      | Reached skill level 5 in Armour
  9202 | D:10     | Bought a smoky yellow potion for 27 gold pieces
  9202 | D:10     | Bought a shiny onyx ring for 155 gold pieces
  9202 | D:10     | Bought a scroll labelled OMINKI EB MIJO for 31 gold pieces
  9228 | D:10     | Found Cuptowauwa's Blasphemy Boutique.
  9477 | D:10     | Noticed a kobold demonologist
  9521 | D:10     | Reached * piety under Ashenzari
  9566 | D:10     | Found Ebronerot's Assorted Antiques.
  9569 | D:10     | Bought a bubbling brown potion for 26 gold pieces
  9786 | D:10     | Found a runed translucent gate.
  9787 | D:10     | Found a runed translucent gate.
  9787 | D:10     | Found a runed translucent gate.
  9789 | D:10     | Noticed a green ugly thing
  9789 | D:10     | Noticed a purple ugly thing
  9789 | D:10     | Noticed a cyan ugly thing
  9790 | D:10     | Noticed a glowing orange brain
  9790 | D:10     | Noticed a brown ugly thing
  9994 | D:11     | Noticed a two-headed ogre
 10456 | D:11     | Noticed a two-headed ogre
 10481 | D:11     | Killed a two-headed ogre
 10482 | D:11     | Reached skill level 12 in Long Blades
 10525 | D:11     | Noticed a cyclops
 10535 | D:11     | Hit by a large rock thrown by a cyclops

Illustrated notes

Levels and vault maps discovered:
D:1:      dpeg_arrival_tiny_d, layout_loops_cross, grunt_decor_clamped,
          minmay_distorted
D:2:      layout_basic
D:3:      layout_rooms, lemuel_round_altar, xom_confusion_cloud,
          kennysheep_generic_room_8, uniq_crazy_yiuf_cottage
D:4:      layout_basic, serial_shops, nicolae_shop_hallway_stairs,
          chequers_serial_rivers_micro_e
D:5:      old_forge, layout_basic, minmay_fire_ice_demons
D:6:      layout_loops_corners, minmay_temple_entry_grid, minmay_misc_feat_room,
          nicolae_hexahallways, uniq_eustachio
D:7:      layout_basic, mainiacjoe_overflow_24_doors, jmf_multi_god_temple,
          moated_statue
D:8:      layout_basic, mainiacjoe_overflow_catwalk
D:9:      layout_cave_pools, david_orc_4, uniq_erolcha
D:10:     layout_roguey, serial_shops, nicolae_shop_real_fake_doors,
          nicolae_shop_crystal, ploomutoo_gammafunk_ghost_potion_laboratory,
          minmay_holes, nicolae_evil_shop
D:11:     cheibrodos_iron_armory, layout_layer_cave, lair_entry_dummy,
          uniq_erica, uniq_nergalle
Temple:   eino_temple_rhombus

Skill      XL: |  1  2  3  4  5  6  7  8  9 10 |
---------------+-------------------------------+-----
Long Blades    | 3 4 5 6 7 8 9 10 12 | 12.1
Translocations | 4 6 |  6.2
Armour         | 2 4 5 |  5.8
Fighting       | 3 5 6 |  6.6
Throwing       | |  0.8
Dodging        | |  1.7
Spellcasting   | |  1.7
Air Magic      | |  0.5

Action                     |  1- 3 |  4- 6 |  7- 9 | 10-12 || total
---------------------------+-------+-------+-------+-------++-------
  Melee: Falchion          |   141 |   178 |   198 |       ||   517
         Dagger            |    52 |    71 |       |       ||   123
         Long sword        |       |   104 |   348 |   176 ||   628
  Throw: Dart              |       |     1 |       |     1 ||     2
         Stone             |       |     2 |     4 |     3 ||     9
   Cast: Lesser Beckoning  |       |       |     6 |     1 ||     7
 Invoke: Curse Item        |       |       |       |     2 ||     2
  Evoke: Wand              |       |       |     8 |     4 ||    12
    Use: Scroll            |       |     7 |     7 |     3 ||    17
         Potion            |       |       |     6 |     1 ||     7
   Stab: Held in net/web   |       |       |     1 |       ||     1
 Armour: Leather armour    |   109 |    61 |       |       ||   170
         Ring mail         |       |    50 |   191 |   115 ||   356
         Skin              |       |       |    10 |       ||    10
  Dodge: Dodged            |    84 |    99 |   106 |    59 ||   348

Table legend: (Time is in decaauts)
 A = Elapsed time spent in this place.
 B = Non-inter-level travel time spent in this place.
 C = Inter-level travel time spent in this place.
 D = Time resting spent in this place.
 E = Time spent auto-exploring this place.
 F = Levels seen in this place.
 G = Mean time per level.
                   A        B        C        D        E       F      G
               +--------+--------+--------+--------+--------+-----+--------+
         Total |  10498 |  10084 |    414 |   1246 |   6983 |  12 |  874.8 |
       Dungeon |  10496 |  10083 |    413 |   1246 |   6983 |  11 |  954.2 |
        Temple |      1 |      0 |      1 |      0 |      0 |   1 |    1.0 |
               +--------+--------+--------+--------+--------+-----+--------+

Top non-repeatable levels by time:
    D:10: 1330 daAuts
     D:7: 1310 daAuts
     D:6: 1177 daAuts
     D:5: 1083 daAuts
     D:4: 1081 daAuts
     D:1: 1044 daAuts
     D:2: 977 daAuts
     D:8: 971 daAuts
     D:3: 789 daAuts
     D:9: 552 daAuts
    D:11: 178 daAuts
  Temple: 1 daAuts
